 Dungeon Crawl Stone Soup version 0.23-a0-305-g7ffd15e (webtiles) character file.

483 namelastname112 the Shield-Bearer (level 7, -13/56 HPs)
             Began as a Formicid Fighter on Oct 9, 2018.
             Mangled by Prince Ribbit (15 damage)
             ... on level 5 of the Dungeon.
             The game lasted 00:04:31 (3380 turns).

namelastname112 the Shield-Bearer (FoFi)            Turns: 3380, Time: 00:04:32

Health: -13/56     AC:  8    Str: 28    XL:     7   Next: 34%
Magic:  7/7        EV:  9    Int: 12    God:
Gold:   284        SH: 11    Dex: 10    Spells: 6/6 levels left

rFire    . . .     SeeInvis +   a - +0 long sword
rCold    . . .     Gourm    .   c - +0 shield
rNeg     . . .     Faith    .   b - +0 scale mail
rPois    +         Spirit   .   (helmet unavailable)
rElec    .         Reflect  .   s - +0 cloak {MR+}
rCorr    .         Harm     .   (no gloves)
MR       ++...                  (no boots)
Stlth    ..........             (no amulet)
HPRegen  0.18/turn              t - ring of protection from magic
MPRegen  0.10/turn              r - ring of poison resistance (curse)

@: mighty, brilliant
A: permanent stasis, dig shafts and tunnels, four strong arms, antennae 3
a: Dig, Shaft Self


You were on level 5 of the Dungeon.
You were not hungry.

You visited 1 branch of the dungeon, and saw 5 of its levels.

You collected 284 gold pieces.

Inventory:

Hand Weapons
 a - a +0 long sword (weapon)
Armour
 b - a +0 scale mail (worn)
 c - a +0 shield (worn)
 s - a +0 cloak of magic resistance (worn)
Jewellery
 h - an uncursed ring of positive energy
 o - an uncursed ring of positive energy
 r - a cursed ring of poison resistance (right hand)
 t - a ring of protection from magic (left hand)
Wands
 y - a wand of paralysis (12)
 B - a wand of polymorph (15)
Scrolls
 g - 2 scrolls of fog {unknown}
 j - 4 scrolls of immolation {unknown}
 k - 3 scrolls of enchant weapon {unknown}
 m - a scroll of magic mapping {unknown}
 n - 3 scrolls of identify {unknown}
 q - 3 scrolls of remove curse {unknown}
 v - 5 scrolls of teleportation {unknown}
 w - 2 scrolls of amnesia {unknown}
 x - a scroll of fear {unknown}
 z - a scroll of enchant armour {unknown}
Potions
 i - a potion of degeneration {unknown}
 l - a potion of brilliance
 p - 2 potions of lignification {unknown}
 u - a potion of agility {unknown}
 A - a potion of mutation {unknown}
Comestibles
 f - 9 rations
 C - 2 chunks of flesh


   Skills:
 + Level 5.1 Fighting
 + Level 4.0 Long Blades
 + Level 5.1 Armour
 + Level 5.6 Shields


You had 6 spell levels left.
You didn't know any spells.
Your spell library was empty.

Dungeon Overview and Level Annotations

Branches:
Dungeon (5/15)
 Temple: D:4-7

Altars:

Annotations:
D:5 Prince Ribbit


Innate Abilities, Weirdness & Mutations

You cannot be hasted, slowed, berserked, paralysed or teleported.
You can dig through walls and to a lower floor.
Your four strong arms can wield two-handed weapons with a shield.
You have a pair of large antennae on your head. (SInv)


Message History

Your shield and scale mail prevent you from hitting Prince Ribbit.
Prince Ribbit is lightly wounded.
Prince Ribbit hits you.
* * * LOW HITPOINT WARNING * * *
You take 5 damage, and have 9/56 hp.
You miss Prince Ribbit.
Prince Ribbit is lightly wounded.
You block Prince Ribbit's attack. x2
Your shield and scale mail prevent you from hitting Prince Ribbit.
Prince Ribbit is lightly wounded.
Prince Ribbit hits you!
* * * LOW HITPOINT WARNING * * *
You block Prince Ribbit's attack.
You take 8 damage, and have 1/56 hp.
You feel better. Prince Ribbit hits you!
* * * LOW HITPOINT WARNING * * *
It was a potion of brilliance.
You feel clever all of a sudden. Prince Ribbit hits you!
You die...

### ### ####.########.#
#@##..........#
##F#.########.# #.##.#
#.....#### #.%..#
#.........
####.#.################
.........F......{ #####
#####.#......... #....
...##############.###
... ...........


You could see Prince Ribbit.

Vanquished Creatures
  An ogre (D:4)
  3 scorpions
  2 hounds
  A jelly (D:5)
  Crazy Yiuf (D:2)
  Robin (D:2)
  3 adders
  2 worms
  2 dart slugs (D:1)
  3 leopard geckos
  2 giant cockroaches (D:1)
  10 goblins
  11 hobgoblins
  9 jackals
  6 kobolds
  2 ball pythons
  10 bats
  3 frilled lizards
  6 rats
78 creatures vanquished.

Notes
Turn   | Place    | Note
-------+----------+-------------------------------------------
     0 | D:1      | namelastname112 the Formicid Fighter began the quest for
                  | the Orb.
     0 | D:1      | Reached XP level 1. HP: 18/18 MP: 1/1
   181 | D:1      | Reached XP level 2. HP: 24/24 MP: 2/2
   354 | D:1      | Reached XP level 3. HP: 23/29 MP: 3/3
   730 | D:2      | Noticed a scorpion
   736 | D:2      | Killed a scorpion
   736 | D:2      | Reached XP level 4. HP: 31/37 MP: 4/4
   744 | D:2      | Reached XP level 5. HP: 16/42 MP: 5/5
  1128 | D:2      | Noticed Robin
  1155 | D:2      | Killed Robin
  1628 | D:2      | Found a runed door.
  1688 | D:2      | Noticed Crazy Yiuf
  1692 | D:2      | Killed Crazy Yiuf
  2400 | D:4      | Reached XP level 6. HP: 45/49 MP: 6/6
  2536 | D:4      | Reached skill level 5 in Shields
  2816 | D:4      | Noticed an ogre
  2822 | D:4      | Killed an ogre
  2822 | D:4      | Reached XP level 7. HP: 27/55 MP: 7/7
  3221 | D:5      | Entered Level 5 of the Dungeon
  3253 | D:5      | Reached skill level 5 in Armour
  3321 | D:5      | Reached skill level 5 in Fighting
  3344 | D:5      | Noticed Prince Ribbit
  3370 | D:5      | HP: 2/56 [Prince Ribbit (5)]
  3378 | D:5      | HP: 1/56 [Prince Ribbit (9)]
  3380 | D:5      | Mangled by Prince Ribbit

Vault maps used:
D:1:      dpeg_arrival_ternary
D:2:      first_ration, uniq_crazy_yiuf_cottage, uniq_robin
D:5:      minmay_temple_entry_purple_smoke, nicolae_gozag_zags_fifth_avenue,
          uniq_prince_ribbit1

Skill      XL: |  1  2  3  4  5  6  7 |
---------------+----------------------+-----
Shields        | 4 5 |  5.6
Fighting       | 4 5 |  5.1
Armour         | 4 5 |  5.1
Long Blades    | 3 4 |  4.0

Action                   |  1- 3 |  4- 6 |  7- 9 || total
-------------------------+-------+-------+-------++-------
Melee: Long sword        |    99 |   173 |    37 ||   309
 Abil: Dig               |       |     1 |     1 ||     2
  Use: Potion            |       |       |     6 ||     6
  Eat: Chunk             |       |     3 |     2 ||     5
       Ration            |       |     1 |       ||     1
Armor: Scale mail        |    60 |    74 |    16 ||   150
Dodge: Dodged            |    52 |    57 |    16 ||   125
Block: Shield            |    78 |   107 |    21 ||   206
       Rpst.: Long sword |    19 |    18 |     3 ||    40

Table legend:
 A = Non-vault XP
 B = Vault XP
 C = Vault XP percentage of total XP
 D = Non-vault monster count
 E = Vault monster count
 F = Vault count percentage of total count
                 A         B        C        D         E       F
            +---------+---------+-------+---------+---------+-------
      Total |     613 |      77 |  11.2 |      64 |      14 |  17.9
            +---------+---------+-------+---------+---------+-------
        D:1 |      39 |       0 |   0.0 |      21 |       0 |   0.0
        D:2 |     130 |      77 |  37.2 |      27 |      14 |  34.1
        D:3 |      10 |       0 |   0.0 |       5 |       0 |   0.0
        D:4 |     271 |       0 |   0.0 |       7 |       0 |   0.0
        D:5 |     163 |       0 |   0.0 |       4 |       0 |   0.0
            +---------+---------+-------+---------+---------+-------
